 Dungeon Crawl Stone Soup version 0.28.0-49-g6dfe1f597d (webtiles) character file.

Game seed: 13002938337385475083

1234 Peloso the Slasher (level 8, 0/69 HPs)
             Began as a Minotaur Fighter on May 17, 2022.
             Was an Initiate of Okawaru.
             Killed by divine providence
             ... invoked by an orc priest
              (16 damage)
             ... on level 9 of the Dungeon.
             The game lasted 00:08:46 (5139 turns).

Peloso the Slasher (Minotaur Fighter)               Turns: 5139, Time: 00:08:47

Health: 0/69       AC: 16    Str: 23    XL:     8   Next: 24%
Magic:  7/7        EV: 11    Int:  5    God:    Okawaru [......]
Gold:   272        SH:  5    Dex: 12    Spells: 7/7 levels left

rFire   + . .      SeeInvis .   a - +0 falchion (drain)
rCold   . . .      Faith    .   c - +0 buckler
rNeg    + . .      Spirit   .   j - +2 scale mail {rF+}
rPois   +          Reflect  .   (helmet restricted)
rElec   .          Harm     .   B - +1 cloak
rCorr   .          Rampage  .   (no gloves)
Will    .....                   (no boots)
Stlth   ..........              (no amulet)
HPRegen 0.21/turn               e - +4 ring of protection
MPRegen 0.10/turn               n - ring "Esuij" {rPois rN+ Str+2}

@: mighty, hasted, very quick
A: horns 2, retaliatory headbutt
a: Renounce Religion


You were on level 9 of the Dungeon.
You worshipped Okawaru.
Okawaru was noncommittal.
You visited 2 branches of the dungeon, and saw 8 of its levels.

You collected 272 gold pieces.

Inventory:

Hand Weapons
 a - a +0 falchion of draining (weapon)
Armour
 b - a +0 chain mail
 c - a +0 buckler (worn)
 j - a +2 scale mail of fire resistance (worn)
 y - a +0 plate armour
 B - a +1 cloak (worn)
Jewellery
 e - a +4 ring of protection (left hand)
 n - the ring "Esuij" (right hand) {rPois rN+ Str+2}
   (You took it off a gnoll on level 3 of the Dungeon)

   [ring of positive energy]

   Str:       It affects your strength (+2).
   rPois:     It protects you from poison.
   rN:        It protects you from negative energy.
 p - a ring of flight
 z - a ring of resist corrosion
Wands
 t - a wand of digging (7)
 A - a wand of polymorph (5)
Scrolls
 g - a scroll of identify
 i - a scroll of magic mapping
 m - a scroll of enchant armour {unknown}
 o - 2 scrolls of acquirement {unknown}
 q - 3 scrolls of fear
 r - a scroll of noise {unknown}
 s - a scroll of teleportation
 v - a scroll of silence {unknown}
 w - a scroll of immolation {unknown}
Potions
 d - 2 potions of might
 f - a potion of ambrosia
 h - 3 potions of mutation
 l - a potion of cancellation {unknown}
 u - a potion of curing {unknown}
 x - a potion of heal wounds {unknown}


   Skills:
 + Level 5.4 Fighting
 + Level 7.6 Long Blades
 + Level 7.0 Armour
 + Level 3.6 Dodging
 + Level 0.5 Stealth
 + Level 5.2 Shields


You had 7 spell levels left.
You didn't know any spells.
Your spell library contained the following spells:

 Spells                   Type           Power      Damage    Failure   Level
 Pain                     Necr           0%         1d4       85%         1
 Agony                    Necr           0%         N/A       100%        5
 Excruciating Wounds      Necr           0%         N/A       100%        5


Dungeon Overview and Level Annotations

Branches:
Dungeon (6/15)             Temple (1/1) D:5            Lair (0/6) D:9

Altars:
Ashenzari
Cheibriados
Dithmenos
Fedhas
Gozag
Hepliaklqana
Kikubaaqudgha
Makhleb
Okawaru
Ru
Sif Muna
Trog
Uskayaw
Vehumet
Wu Jian
Xom
Yredelemnul
The Shining One

Shops:
D:3 =

Annotations:
D:6 Kniotic's ghost, novice SpEn


Innate Abilities, Weirdness & Mutations

You have a pair of horns on your head.
You reflexively headbutt those who attack you in melee.


Message History

The warg stops to sniff the ground.
The orc priest invokes the aid of Beogh against you.
Beogh smites you!
A wraith comes into view.
Found a scale mail.
The orc priest invokes the aid of Beogh against you.
Beogh smites you!
You hit the warg but do no damage. You drain the warg.
The warg is lightly wounded.
The warg bites you but does no damage.
You hit the warg but do no damage. You drain the warg.
The warg is moderately wounded.
The warg bites you.
The orc priest looks encouraged for a moment.
The warg bites you.
The orc priest casts a cantrip, but nothing happens.
You slash the warg!
The warg is heavily wounded.
The warg bites you.
You hit the warg.
The warg is heavily wounded.
The warg bites you.
The orc wizard mumbles some strange words.
The orc wizard flickers and vanishes!
Deactivating autopickup; reactivate with Ctrl-A.
Unknown command.
You feel very mighty all of a sudden. You block the warg's attack.
The wraith hits you.
* * * LOW HITPOINT WARNING * * *
The orc priest looks encouraged for a moment.
You feel yourself speed up. The warg closely misses you.
You furiously retaliate!
You headbutt the warg. The wraith closely misses you.
The warg bites you but does no damage.
Okay, then.
You completely miss the wraith. You headbutt the wraith!
The wraith is moderately damaged.
The wraith hits you but does no damage.
The orc priest calls down the wrath of Beogh upon you.
Beogh smites you!
You die...

##..###
###.....###
#.........##
.........[.##
............##
.....oo....oo#
.......o...{o#
.........o.#h#
#.......h.##@#
###.....####W#
.....### ..#
#....# ....
#.... .....
..... .......
...[....
..........


You could see a wraith, a warg (drained), an orc warrior, an orc priest and an
orc.

Vanquished Creatures
  Grinder (D:3)
  Sigmund (D:3)
  2 necrophages
  A phantom (D:4)
  2 water moccasin zombies (D:5)
  A scorpion (D:5)
  A gnoll shaman (D:4)
  2 centaur skeletons
  A hound (D:5)
  Ijyb (D:5)
  Terence (D:2)
  A scorpion zombie (D:5)
  A killer bee zombie (D:4)
  8 adders
  8 gnolls
  A white imp (D:6)
  2 ufetubi
  2 worms
  2 dart slugs (D:1)
  6 orcs
  2 bats
  13 endoplasms
  4 giant cockroaches
  10 goblins
  5 hobgoblins
  4 jackals (D:1)
  10 kobolds
  5 quokkas
  11 ball pythons
  3 frilled lizards
  7 rats
119 creatures vanquished.

Notes
Turn   | Place    | Note
-------+----------+-------------------------------------------
     0 | D:1      | Peloso the Minotaur Fighter began the quest for the Orb.
     0 | D:1      | Reached XP level 1. HP: 19/19 MP: 0/0
    54 | D:1      | Reached XP level 2. HP: 26/27 MP: 1/1
   326 | D:1      | Reached XP level 3. HP: 29/33 MP: 2/2
   865 | D:2      | Found a faded altar of an unknown god.
  1046 | D:2      | Reached skill level 1 in Dodging
  1075 | D:2      | Reached XP level 4. HP: 40/40 MP: 3/3
  1267 | D:2      | Noticed Terence
  1276 | D:2      | Killed Terence
  2072 | D:3      | Reached XP level 5. HP: 26/46 MP: 4/4
  2477 | D:3      | Noticed Sigmund
  2612 | D:3      | Killed Sigmund
  2613 | D:3      | Reached skill level 5 in Long Blades
  2613 | D:3      | Reached skill level 5 in Armour
  2613 | D:3      | Reached XP level 6. HP: 49/53 MP: 5/5
  2893 | D:3      | Identified the ring "Esuij" {rPois rN+ Str+2}
  3157 | D:3      | Found Cinusar's Jewellery Shop.
  3160 | D:3      | Noticed Grinder
  3162 | D:3      | Paralysed by Grinder for 2 turns
  3171 | D:3      | Killed Grinder
  3172 | D:3      | Reached XP level 7. HP: 47/60 MP: 6/6
  3763 | D:4      | Reached skill level 5 in Shields
  4039 | D:5      | Entered Level 5 of the Dungeon
  4084 | D:5      | Reached skill level 5 in Fighting
  4212 | D:5      | Reached XP level 8. HP: 61/68 MP: 7/7
  4260 | D:5      | Noticed Ijyb
  4271 | D:5      | Killed Ijyb
  4360 | D:5      | Found a snail-covered altar of Cheibriados.
  4394 | D:5      | Found a staircase to the Ecumenical Temple.
  4409 | Temple   | Entered the Ecumenical Temple
  4583 | Temple   | Became a worshipper of Warmaster Okawaru
  4928 | D:6      | Noticed Kniotic's ghost (novice SpEn)
  5126 | D:6      | You fall into a shaft and drop 3 floors!
  5126 | D:9      | Found a staircase to the Lair.
  5139 | D:9      | Killed from afar by an orc priest

Illustrated notes

Levels and vault maps discovered:
D:1:      dpeg_arrival_tiny_a, layout_rooms
D:2:      layout_basic, chequers_ecumenical_altar_island, uniq_terence
D:3:      layout_loops_corners, serial_co_window_serial, co_window_corner_a,
          co_window_corner_a, co_window_paths_a, co_window_paths_a,
          co_window_of_opportunity_a, co_window_paths_a,
          co_window_of_opportunity_a, co_window_corner_ca, co_window_corner_b,
          co_window_corner_b, co_window_corner_cb, co_window_broadway_c,
          co_window_broadway_b, co_window_4corner_b, co_window_paths_e,
          glass_columns_a, glass_columns_b, serial_shops, nicolae_shop_crystal,
          uniq_grinder, uniq_sigmund
D:4:      layout_rooms
D:5:      nicolae_cairo_tiling_very_big, layout_rooms,
          mainiacjoe_overflow_concentric_impassable, minmay_temple_entry_hall,
          uniq_ijyb
D:6:      corexii_shack_village, layout_basic, gammafunk_ghost_icy
D:9:      layout_cave_pods, erik_lair_orcish_takeover, serial_shops,
          nicolae_stop_n_shop_2
Temple:   mainiacjoe_temple_starburst

Skill      XL: |  1  2  3  4  5  6  7  8 |
---------------+-------------------------+-----
Fighting       | 4 5 |  5.4
Armour         | 4 5 6 7 |  7.0
Shields        | 4 5 |  5.2
Long Blades    | 3 4 5 7 |  7.6
Dodging        | 1 2 3 |  3.6
Stealth        | |  0.5

Action                   |  1- 3 |  4- 6 |  7- 9 || total
-------------------------+-------+-------+-------++-------
Melee: Long sword        |    87 |    15 |       ||   102
       Headbutt          |    11 |    15 |    26 ||    52
       Falchion          |       |    92 |   142 ||   234
  Use: Scroll            |     2 |       |     4 ||     6
       Potion            |       |       |     4 ||     4
Armor: Scale mail        |    57 |    43 |    91 ||   191
Dodge: Dodged            |    68 |    47 |    79 ||   194
Block: Buckler           |    28 |    27 |    35 ||    90
